 Dungeon Crawl Stone Soup version 0.30-a0-305-g026cb31310 (webtiles) character file.

Game seed: 11073095911765491510

9018 Dnbvrw the Slicer (level 11, -11/47 (51) HPs)
             Began as a Spriggan Enchanter on Oct 21, 2022.
             Was a Priest of Dithmenos.
             Killed from afar by a tengu reaver (29 damage)
             ... with a bolt of negative energy
             ... on level 11 of the Dungeon on Oct 22, 2022.
             The game lasted 00:40:11 (12782 turns).

Dnbvrw the Slicer (Spriggan Enchanter)             Turns: 12782, Time: 00:40:11

HP:   -11/47 (51)   AC: 10    Str:  8    XL:     11   Next: 17%
MP:   17/26         EV: 20    Int: 24    God:    Dithmenos [***...]
Gold: 2093          SH:  0    Dex: 18    Spells: 17/30 levels left

rFire   . . .      SeeInvis +    F - +8 quick blade "Pimomnop" {vorpal, SInv}
rCold   . . .      Faith    .    (no shield)
rNeg    . . .      Spirit   .    g - +2 robe {Will+}
rPois   .          Reflect  .    (helmet restricted)
rElec   .          Harm     .    l - +1 cloak {Stlth+}
rCorr   .          Rampage  .    (gloves unavailable)
Will    ++...                    (boots unavailable)
Stlth   ++++++++..               t - amulet of regeneration
HPRegen 1.07/turn                e - ring of Mirth {Int+6 Dex+3}
MPRegen 0.20/turn                s - +4 ring of protection

@: wreathed by umbra, drained, very quick
A: very small, no large weapons, unfitting armour, see invisible, speed 3
a: Renounce Religion, Shadow Step


You were on level 11 of the Dungeon.
You worshipped Dithmenos.
Dithmenos was most pleased with you.
You visited 2 branches of the dungeon, and saw 12 of its levels.

You collected 2264 gold pieces.
You spent 171 gold pieces at shops.

Inventory:

Hand Weapons
 a - a +3 dagger of flaming
 z - a +4 dagger of draining
 D - a +2 dagger of venom
 F - the +8 quick blade "Pimomnop" (weapon) {vorpal, SInv}
   (You acquired it on level 10 of the Dungeon)

   It inflicts extra damage upon your enemies.
   SInv:      It lets you see invisible.
Missiles
 A - a throwing net (quivered)
 C - a curare-tipped dart
Armour
 g - a +2 robe of willpower (worn)
 l - a +1 cloak of stealth (worn)
 n - a +1 robe of cold resistance
Jewellery
 b - a ring of ice
 e - the ring of Mirth (left hand) {Int+6 Dex+3}
   (You found it on level 2 of the Dungeon)

   [ring of intelligence]

   Int:       It affects your intelligence (+6).
   Dex:       It affects your dexterity (+3).
 s - a +4 ring of protection (right hand)
 t - an amulet of regeneration (around neck)
Wands
 h - a wand of iceblast (13)
 j - a wand of paralysis (15)
Scrolls
 f - 3 scrolls of teleportation
 k - 5 scrolls of poison
 o - a scroll of summoning
 r - 3 scrolls of butterflies
 w - 2 scrolls of identify
 x - 2 scrolls of vulnerability
 y - 3 scrolls of amnesia
 E - a scroll of enchant weapon
Potions
 c - 2 potions of invisibility
 d - a potion of flight
 i - 9 potions of curing
 m - a potion of resistance
 p - 2 potions of brilliance
 q - a potion of lignification
 u - a potion of cancellation
 v - 2 potions of mutation


   Skills:
 + Level 2.7 Fighting
 - Level 14.0 Short Blades
 + Level 5.3 Dodging
 + Level 12.2 Stealth
 + Level 10.1 Spellcasting
 + Level 10.4 Hexes


You had 17 spell levels left.
You knew the following spells:

 Your Spells              Type           Power      Damage    Failure   Level
a - Ensorcelled Hibernat  Hex/Ice        74%        N/A       1%          2
b - Tukima's Dance        Hex            58%        N/A       1%          3
c - Dazzling Flash        Conj/Hex       74%        N/A       1%          3
d - Confusing Touch       Hex            58%        N/A       1%          3
e - Blink                 Tloc           24%        N/A       8%          2

Your spell library contained the following spells:

 Spells                   Type           Power      Damage    Failure   Level
 Apportation              Tloc           24%        N/A       5%          1
 Magic Dart               Conj           48%        1d5       5%          1
 Necrotise                Necr           48%        1d6       5%          1
 Summon Small Mammal      Summ           48%        N/A       5%          1
 Fulminant Prism          Conj/Hex       18%        3d11      6%          4
 Momentum Strike          Conj/Tloc      24%        3d8       8%          2
 Passwall                 Tmut/Erth      10%        N/A       8%          2
 Searing Ray              Conj           24%        2d5       8%          2
 Lesser Beckoning         Tloc           24%        N/A       16%         3
 Swiftness                Air            12%        N/A       16%         3
 Iskenderun's Mystic Bla  Conj/Tloc      12%        2d5       45%         4
 Starburst                Conj/Fire      6%         6d4       100%        6


Dungeon Overview and Level Annotations

Branches:
Dungeon (11/15)            Temple (1/1) D:4            Lair (0/5) D:8
    Orc: D:9-12

Altars:
Ashenzari
Cheibriados
Dithmenos
Elyvilon
Fedhas
Gozag
Hepliaklqana
Kikubaaqudgha
Makhleb
Nemelex Xobeh
Okawaru
Qazlal
Ru
Sif Muna
Trog
Uskayaw
Vehumet
Wu Jian
Xom
Yredelemnul
Zin
The Shining One

Shops:
D:4 :   D:6 ***=*   D:7 (

Annotations:
Temple 2 transporters


Innate Abilities, Weirdness & Mutations

You are very small and have problems with some larger weapons.
You are too small for most types of armour.
You have supernaturally acute eyesight. (SInv)
You cover ground extremely quickly. (Speed+++)


Message History

Aiming: Ensorcelled Hibernation (safe; 1% risk of failure)
Press: ? - help, Shift-Dir - straight line, f - boulder beetle
Aim: a boulder beetle (wandering, hasn't noticed you, umbra, chance to affect: 47%)
The boulder beetle resists with some effort.
Casting: Ensorcelled Hibernation (safe; 1% risk of failure)
Confirm with . or Enter, or press ? or * to list all spells.
Aiming: Ensorcelled Hibernation (safe; 1% risk of failure)
Press: ? - help, Shift-Dir - straight line, f/p - boulder beetle
Aim: a boulder beetle (umbra, chance to affect: 47%)
The boulder beetle looks drowsy...
The helpless boulder beetle fails to defend itself.
You perforate the boulder beetle like a sieve!!!!
You kill the boulder beetle!
Dithmenos accepts your kill.
Casting: Ensorcelled Hibernation (safe; 1% risk of failure)
Confirm with . or Enter, or press ? or * to list all spells.
Aiming: Ensorcelled Hibernation (safe; 1% risk of failure)
Press: ? - help, Shift-Dir - straight line, f - tengu reaver
Aim: a tengu reaver, wearing a +2 ring mail of positive energy (umbra, chance to affect: 29%)
The tengu reaver easily resists.
The tengu reaver hits you! The tengu reaver pecks you!
The tengu reaver closely misses you.
Casting: Ensorcelled Hibernation (safe; 1% risk of failure)
Confirm with . or Enter, or press ? or * to list all spells.
Aiming: Ensorcelled Hibernation (safe; 1% risk of failure)
Press: ? - help, Shift-Dir - straight line, f/p - tengu reaver
Aim: a tengu reaver, wearing a +2 ring mail of positive energy (umbra, chance to affect: 29%)
The tengu reaver easily resists.
The tengu reaver points at you and mumbles some strange words.
The bolt of negative energy hits you!
You feel drained.
Unknown command.
Casting: Ensorcelled Hibernation (safe; 1% risk of failure)
Confirm with . or Enter, or press ? or * to list all spells.
Aiming: Ensorcelled Hibernation (safe; 1% risk of failure)
Press: ? - help, Shift-Dir - straight line, f/p - tengu reaver
Aim: a tengu reaver, wearing a +2 ring mail of positive energy (umbra, chance to affect: 29%)
The tengu reaver easily resists.
The tengu reaver points at you and mumbles some strange words.
The bolt of negative energy hits you!!
You feel drained.
Ouch! That really hurt!
You die...

.... .# .... .# .... #.#
...#######.# #.........# #.
#.........###### #..
#...............
+..#####..)........#
.§§§≈≈§≈≈§...@....#
≈§≈≈§§≈§≈...Q...# ##
######≈§§§##'#..# .§
##)...##8≈≈≈§.#..#
.≈≈##......##§§§Q.#<.#
.≈≈#..####..#8§≈≈≈#..#
.§≈#..# #..'...§§#....
#≈≈#..+ #..'.O<§≈#......
+§§#.(####..#8.≈≈≈#^.......


You could see a tengu reaver.

Vanquished Creatures
  Fannar (D:10)
  A boulder beetle (D:11)
  A two-headed ogre (D:9)
  Erica (D:10)
  Nergalle (D:10)
  Maurice (D:10)
  A troll (D:8)
  A shadow (D:10)
  A wyvern (D:9)
  11 yaks
  2 steam dragons (D:8)
  A water moccasin (D:7)
  2 ice beasts
  A black bear (D:6)
  An orc warrior (D:8)
  2 phantoms (D:7)
  2 centaurs
  3 wolves (D:8)
  2 bullfrogs
  A necrophage (D:5)
  2 kobold brigands
  A gnoll sergeant (D:8)
  3 wights
  5 killer bees (D:8)
  5 electric eels (D:8)
  5 howler monkeys
  2 jellies
  7 hounds
  A gnoll bouda (D:6)
  4 orc priests
  Jessica (D:3)
  An iguana (D:6)
  Terence (D:2)
  9 orc wizards
  9 adders
  16 gnolls
  2 white imps
  An ufetubus (D:6)
  A worm (D:4)
  40 orcs
  4 bats
  7 endoplasms
  2 giant cockroaches
  6 goblins
  2 hobgoblins
  3 jackals (D:1)
  5 quokkas
  2 ball pythons
  4 frilled lizards
  11 kobolds
  3 rats
202 creatures vanquished.

Vanquished Creatures (collateral kills)
  An orc warrior (D:9)
  A wight (D:10)
  Crazy Yiuf (D:2)
  2 orc wizards (D:9)
  A gnoll (D:6)
  3 kobolds (D:9)
9 creatures vanquished.

Vanquished Creatures (others)
  3 dancing weapons
  A centaur (D:8)
4 creatures vanquished.

Grand Total: 215 creatures vanquished

Notes
Turn   | Place    | Note
-------+----------+-------------------------------------------
     0 | D:1      | Dnbvrw the Spriggan Enchanter began the quest for the Orb.
     0 | D:1      | Reached XP level 1. HP: 9/9 MP: 5/5
   269 | D:2      | Noticed Terence
   305 | D:2      | Found a runed translucent door.
   306 | D:2      | Noticed Crazy Yiuf
   326 | D:2      | Identified the ring of Mirth {Int+6 Dex+3}
   601 | D:2      | Reached XP level 2. HP: 13/13 MP: 7/7
   604 | D:2      | Learned a level 2 spell: Ensorcelled Hibernation
  1172 | D:2      | Reached XP level 3. HP: 13/16 MP: 9/9
  1349 | D:2      | Learned a level 3 spell: Tukima's Dance
  1353 | D:2      | Learned a level 3 spell: Confusing Touch
  1591 | D:2      | Killed Terence
  1592 | D:2      | Reached skill level 5 in Hexes
  1592 | D:2      | Reached XP level 4. HP: 21/21 MP: 0/11
  1712 | D:2      | Killed Crazy Yiuf
  2026 | D:1      | Identified a scroll of acquirement
  2026 | D:1      | Acquired 919 gold pieces
  2330 | D:1      | Learned a level 3 spell: Dazzling Flash
  2582 | D:1      | Reached XP level 5. HP: 24/24 MP: 13/13
  2632 | D:1      | Learned a level 2 spell: Blink
  2859 | D:3      | Reached skill level 5 in Spellcasting
  3049 | D:3      | Noticed Jessica
  3063 | D:3      | Killed Jessica
  3299 | D:3      | Reached skill level 5 in Stealth
  3657 | D:4      | Found a staircase to the Ecumenical Temple.
  3672 | Temple   | Entered the Ecumenical Temple
  3672 | Temple   | Found a transporter.
  3672 | Temple   | Found a transporter.
  3674 | Temple   | Found a transporter.
  3674 | Temple   | Found a transporter.
  3695 | Temple   | Became a worshipper of Dithmenos the Shadowed
  3769 | D:4      | Reached XP level 6. HP: 28/28 MP: 13/15
  3794 | D:4      | Found Vupt's Book Emporium.
  4031 | D:4      | Found a shimmering altar of Xom.
  4580 | D:5      | Entered Level 5 of the Dungeon
  4781 | D:6      | Found a broken altar of Ashenzari.
  5029 | D:5      | Reached XP level 7. HP: 11/32 MP: 11/17
  5566 | D:6      | Found Gurettan's Assorted Antiques.
  5733 | D:6      | Found a basalt altar of Yredelemnul.
  5962 | D:6      | Found Imoxt's Assorted Antiques.
  5964 | D:6      | Found Optaumurr's Jewellery Boutique.
  5984 | D:6      | Reached * piety under Dithmenos
  6018 | D:6      | Bought a scroll labelled BIYPOUHOHY for 28 gold pieces
  6351 | D:6      | Found Qimeagg's Assorted Antiques.
  6622 | D:6      | Reached XP level 8. HP: 36/36 MP: 16/19
  6676 | D:6      | Noticed a troll
  6722 | D:6      | Found Suriblyusk's General Store.
  6753 | D:6      | Bought a potion of mutation for 88 gold pieces
  6753 | D:6      | Bought a potion of curing for 33 gold pieces
  6753 | D:6      | Bought a scroll of identify for 22 gold pieces
  7143 | D:7      | Found Watokhaj's Antique Weapon Shoppe.
  7799 | D:7      | Reached ** piety under Dithmenos
  7911 | D:8      | Reached skill level 10 in Stealth
  7980 | D:8      | Found a hazy altar of Hepliaklqana.
  8346 | D:8      | Noticed a troll
  8376 | D:8      | Killed a troll
  8377 | D:8      | Reached XP level 9. HP: 33/39 MP: 19/22
  8504 | D:8      | Found a staircase to the Lair.
  8808 | D:8      | Reached skill level 2 in Short Blades
  8817 | D:8      | Reached skill level 3 in Short Blades
  8820 | D:8      | Reached skill level 4 in Short Blades
  9038 | D:8      | Reached skill level 5 in Short Blades
  9057 | D:8      | Reached skill level 6 in Short Blades
  9133 | D:8      | Reached skill level 7 in Short Blades
  9330 | D:8      | Found the +7 Kryia's mail coat {PotionHeal*2 rC+}
  9577 | D:8      | Reached skill level 8 in Short Blades
  9765 | D:8      | Reached skill level 9 in Short Blades
  9999 | D:8      | Reached skill level 10 in Short Blades
 10144 | D:8      | Found a hazy altar of Hepliaklqana.
 10773 | D:8      | Found a staircase to the Lair.
 10842 | D:9      | Noticed a two-headed ogre
 10844 | D:9      | Killed a two-headed ogre
 10845 | D:9      | Reached skill level 11 in Short Blades
 10845 | D:9      | Reached XP level 10. HP: 44/44 MP: 24/24
 10898 | D:9      | Reached skill level 12 in Short Blades
 11049 | D:9      | Reached *** piety under Dithmenos
 11210 | D:9      | Found an opulent altar of Gozag.
 11454 | D:10     | Entered Level 10 of the Dungeon
 11461 | D:10     | Reached skill level 13 in Short Blades
 11471 | D:10     | Reached skill level 14 in Short Blades
 11499 | D:10     | Acquired the +8 quick blade "Pimomnop" {vorpal, SInv}
 11501 | D:10     | Acquired 789 gold pieces
 11513 | D:10     | Noticed Erica
 11539 | D:10     | Killed Erica
 11540 | D:10     | Reached skill level 1 in Fighting
 11758 | D:10     | Noticed Fannar
 12057 | D:10     | Noticed Nergalle
 12079 | D:10     | Killed Nergalle
 12080 | D:10     | Reached skill level 10 in Hexes
 12277 | D:10     | Noticed Maurice
 12284 | D:10     | Killed Maurice
 12323 | D:10     | Killed Fannar
 12324 | D:10     | Reached skill level 5 in Dodging
 12324 | D:10     | Reached skill level 10 in Spellcasting
 12324 | D:10     | Reached XP level 11. HP: 48/51 MP: 9/26
 12582 | D:11     | Noticed a two-headed ogre
 12585 | D:11     | Noticed a tengu reaver
 12612 | D:11     | Noticed a boulder beetle
 12779 | D:11     | Killed a boulder beetle
 12782 | D:11     | Killed from afar by a tengu reaver

Illustrated notes

Levels and vault maps discovered:
D:1:      shiori_arrival_maze, layout_basic, st_stairs_12, item_on_display_a
D:2:      layout_loops_corners, uniq_crazy_yiuf_cottage, uniq_terence
D:3:      layout_basic, uniq_jessica
D:4:      layout_basic, mainiacjoe_overflow_surrounded_room,
          minmay_temple_entry_butterflies, nicolae_inconvenience_store
D:5:      layout_gridville
D:6:      layout_basic, lemuel_round_altar, cheibrodos_ashenzari_chains,
          serial_shops, shop_fountains, nicolae_shop_waterfront, shop,
          kennysheep_mini_moat, nicolae_shop_advertising_works
          [nicolae_subvault_shop_adworks], lightli_corner_chamber
D:7:      layout_basic, serial_shops, nicolae_shop_window_shopping
D:8:      layout_basic, nicolae_overflow_crystal_walls, erik_lair_island,
          minmay_manual_monolith
D:9:      layout_small_grid, mainiacjoe_overflow_tiny_flanked
D:10:     layout_basic, uniq_fannar, uniq_erica, uniq_maurice, uniq_nergalle
D:11:     layout_irregular_city, nzn_ghost_randoct, hex_medium,
          kennysheep_island_fort, uniq_sonja, uniq_harold
Temple:   hellmonk_temple_divided_pantheon

Skill      XL: |  1  2  3  4  5  6  7  8  9 10 |
---------------+-------------------------------+-----
Spellcasting   | 3 4 5 6 7 8 9 10 | 10.1
Hexes          | 4 5 6 7 9 10 | 10.4
Stealth        | 5 6 8 10 12 | 12.2
Short Blades   | 11 14 | 14.0
Fighting       | 2 |  2.7
Dodging        | 5 |  5.3

Action                   |  1- 3 |  4- 6 |  7- 9 | 10-12 || total
-------------------------+-------+-------+-------+-------++-------
Melee: Dagger            |    42 |   121 |   186 |    28 ||   377
       Quick blade       |       |       |       |    92 ||    92
       Punch             |       |       |       |     2 ||     2
 Cast: Ensorcelled Hiber |     6 |    25 |   109 |    14 ||   154
       Tukima's Dance    |     2 |     6 |     6 |    19 ||    33
       Confusing Touch   |     1 |     4 |     5 |     5 ||    15
       Dazzling Flash    |       |       |       |    12 ||    12
Invok: Shadow Step       |       |       |       |     1 ||     1
Evoke: Wand              |       |     2 |    11 |       ||    13
  Use: Scroll            |     3 |    15 |     7 |     4 ||    29
       Potion            |       |     1 |     2 |     2 ||     5
 Stab: Sleeping          |    10 |    37 |    83 |    14 ||   144
       Confused          |     1 |     2 |     3 |     4 ||    10
       Distracted        |       |     1 |     2 |       ||     3
       Invisible         |       |       |       |     2 ||     2
Armor: Robe              |     7 |     7 |    28 |     6 ||    48
Dodge: Dodged            |    15 |    69 |   134 |    48 ||   266

Table legend: (Time is in decaauts)
 A = Elapsed time spent in this place.
 B = Non-inter-level travel time spent in this place.
 C = Inter-level travel time spent in this place.
 D = Time resting spent in this place.
 E = Time spent auto-exploring this place.
 F = Levels seen in this place.
 G = Mean time per level.
                   A        B        C        D        E       F      G
               +--------+--------+--------+--------+--------+-----+--------+
         Total |   9212 |   8814 |    398 |   1023 |   6077 |  12 |  767.7 |
       Dungeon |   9185 |   8787 |    398 |   1023 |   6077 |  11 |  835.0 |
        Temple |     27 |     27 |      0 |      0 |      0 |   1 |   27.0 |
               +--------+--------+--------+--------+--------+-----+--------+

Top non-repeatable levels by time:
     D:8: 1943 daAuts
     D:2: 1282 daAuts
     D:6: 1077 daAuts
    D:10: 916 daAuts
     D:7: 865 daAuts
     D:1: 791 daAuts
     D:5: 698 daAuts
     D:4: 658 daAuts
     D:3: 470 daAuts
     D:9: 438 daAuts
    D:11: 44 daAuts
  Temple: 27 daAuts
